 Dungeon Sprint DCSS version 0.30-a0-414-gcb316572d5 (webtiles) character file.

Game seed: 7989627086138943511

25813 Darkkill the Unseen (level 13, -4/150 HPs)
             Began as a Gargoyle Monk on Dec 7, 2022.
             Was an Elder of Trog.
             Constricted to death by a naga warrior (6 damage)
             ... in the Dungeon (Sprint VII: "The Pits").
             The game lasted 00:09:13 (2297 turns).

Darkkill the Unseen (Gargoyle Monk)                 Turns: 2297, Time: 00:09:14

Health: -4/150     AC: 29    Str: 25    XL:     13   Next: 22%
Magic:  13/13      EV: 16    Int: 12    God:    Trog [****..]
Gold:   24         SH:  0    Dex: 12    Spells: 12/12 levels left

rFire   + . .      SeeInvis .    j - +4 dire flail (protect)
rCold   . . .      Faith    .    (shield currently unavailable)
rNeg    + . .      Spirit   .    C - +1 scale mail "Raedgh" {rF+ Str+3}
rPois   ∞          Reflect  .    u - +2 helmet
rElec   +          Harm     .    t - +2 cloak
rCorr   .          Rampage  .    (no gloves)
Will    .....      NoTele   +    (no boots)
Stlth   ..........               (no amulet)
HPRegen 0.45/turn                o - +3 ring of evasion
MPRegen 0.13/turn                r - +3 ring of strength

@: berserking (expiring), under a protective aura, constricted, very quick
A: sickness immunity, AC +9, negative energy resistance 1, electricity
resistance, torment resistance 1, petrification resistance
a: Renounce Religion, Berserk, Trog's Hand, Brothers in Arms


You were in the Dungeon.
You worshipped Trog.
Trog was greatly pleased with you.
You visited 1 branch You collected 24 gold pieces.

Inventory:

Hand Weapons
 j - a +4 dire flail of protection (weapon)
 m - a +1 vampiric executioner's axe
Missiles
 k - 19 stones (quivered)
Armour
 t - a +2 cloak (worn)
 u - a +2 helmet (worn)
 C - the +1 scale mail "Raedgh" (worn) {rF+ Str+3}
   (You found it in the Dungeon)

   Str:       It affects your strength (+3).
   rF:        It protects you from fire.
Jewellery
 o - a +3 ring of evasion (left hand)
 r - a +3 ring of strength (right hand)
Wands
 n - a wand of polymorph (13)
 z - a wand of flame (24)
 D - a wand of digging (3)
Scrolls
 q - 2 scrolls of butterflies
Potions
 a - 2 potions of invisibility
 b - a potion of lignification
 c - a potion of ambrosia
 d - 8 potions of curing {@q1}
 f - a potion of haste
 g - 4 potions of magic
 h - 3 potions of berserk rage
 s - 7 potions of might
Miscellaneous
 y - a piece from Xom's chessboard (15/15)


   Skills:
 + Level 19.0 Fighting
 + Level 17.6 Maces & Flails
 + Level 14.9 Dodging
 + Level 20.4 Stealth


You had 12 spell levels left.
You didn't know any spells.
Your spell library was empty.

Dungeon Overview and Level Annotations

Branches:
Dungeon (1/1)

Altars:
Cheibriados
Dithmenos
Elyvilon
Fedhas
Gozag
Hepliaklqana
Makhleb
Nemelex Xobeh
Okawaru
Qazlal
Ru
Sif Muna
Trog
Vehumet
Wu Jian
Xom
Yredelemnul
Zin
The Shining One
Jiyva
Lugonu


Innate Abilities, Weirdness & Mutations

You are immune to sickness and miasma.
Your stone body is resilient. (AC +9)
You are immune to poison.
You resist negative energy. (rN+)
You are resistant to electric shocks. (rElec)
You are resistant to unholy torment.
You are immune to petrification.


Message History

The naga warrior hits you from afar with a +0 glaive.
You sock the yaktaur captain!
The yaktaur captain is severely wounded.
You impale the yaktaur captain!!
You feel the power of Trog in you as your rage grows.
You kill the yaktaur captain!
Trog accepts your kill. The naga warrior spits poison at you.
The splash of poison hits you but does no damage.
You resist.
The orc knight roars a battlecry!
The orc knight goes into a battle-frenzy!
The yaktaur unwields a +0 arbalest.
The yaktaur hits you!
The orc knight hits you with a +2 long sword!!
* * * LOW HITPOINT WARNING * * *
Things that are here:
a +0 arbalest; a yaktaur corpse You sock the orc knight!
The orc knight is lightly wounded.
The naga warrior hits you but does no damage.
The naga warrior grabs you. The naga warrior constricts you.
You bludgeon the orc knight!!
The orc knight is moderately wounded.
You barely miss the orc knight.
The orc knight is moderately wounded.
The orc knight hits you but does no damage.
The yaktaur barely misses you.
You hit the orc knight.
The orc knight is heavily wounded.
The naga warrior spits poison at you.
The splash of poison hits you but does no damage.
You resist. The naga warrior constricts you.
* * * LOW HITPOINT WARNING * * *
You bludgeon the yaktaur!!
The yaktaur is almost dead.
The orc knight closely misses you. The yaktaur barely misses you.
You barely miss the orc knight.
The orc knight is heavily wounded.
The naga warrior completely misses you. The naga warrior constricts you.
You barely miss the yaktaur.
The yaktaur is almost dead.
You barely miss the orc knight.
The orc knight is heavily wounded.
The orc knight no longer looks unusually strong.
The orc knight closely misses you. The yaktaur misses you.
You impale the orc knight!!
The orc knight is almost dead.
The naga warrior misses you. The naga warrior constricts you.
You hit the yaktaur.
The yaktaur is almost dead.
The orc knight hits you with a +2 long sword!!
* * * LOW HITPOINT WARNING * * *
The yaktaur hits you but does no damage.
You impale the yaktaur!!
You kill the yaktaur!
Trog accepts your kill. The naga warrior spits poison at you.
The splash of poison hits you but does no damage.
You resist. The naga warrior constricts you.
You sock the orc knight!
You kill the orc knight!
Trog accepts your kill.
You can now call in reinforcements.
The naga warrior's grasp on you weakens, but your attempt to escape fails.
The naga warrior hits you but does no damage.
The naga warrior constricts you.
You impale the yaktaur!!
The yaktaur is heavily wounded.
The yaktaur hits you but does no damage.
You impale the yaktaur!!
You kill the yaktaur!
Trog accepts your kill.
The naga warrior hits you with a +0 glaive!
* * * LOW HITPOINT WARNING * * *
The naga warrior constricts you.
You escape the naga warrior's grasp.
The orc knight hits you but does no damage.
Items here: ))) [ †.
You bludgeon the orc knight!!
You kill the orc knight!
Trog accepts your kill.
Your Fighting skill increases to level 19!
You closely miss the naga warrior.
The naga warrior is moderately wounded.
You sock the naga warrior!
The naga warrior is heavily wounded.
The naga warrior hits you but does no damage.
The naga warrior grabs you. The naga warrior constricts you.
* * * LOW HITPOINT WARNING * * *
You barely miss the naga warrior.
The naga warrior is heavily wounded.
You closely miss the naga warrior.
The naga warrior is heavily wounded.
The naga warrior barely misses you. The naga warrior constricts you.
You closely miss the naga warrior.
The naga warrior is heavily wounded.
You barely miss the naga warrior.
The naga warrior is heavily wounded.
The naga warrior hits you but does no damage.
The naga warrior constricts you.
You die...

#++##########################
#..)))..)).)@)............)).
#..))).....)N...........)..).
#..##############''##########
#..# #...o.)..# #..#
#..c.c)..# #..# ####))####
#..# )... #).# ...... #.)#
........


You could see a naga warrior.

Vanquished Creatures
  A death cob (D)
  A yaktaur captain (D)
  A merfolk avatar (D)
  An ogre mage (D)
  2 two-headed ogres (D)
  A deep troll (D)
  A skeletal warrior (D)
  A phantasmal warrior (D)
  4 orc knights (D)
  A cyclops (D)
  A rust devil (D)
  2 yaktaurs (D)
  A kobold demonologist (D)
  A guardian mummy (D)
  An ice devil (D)
  A wind drake (D)
  A tarantella (D)
  A blink frog (D)
  2 ynoxinuls (D)
  A steam dragon (D)
  3 yaks (D)
  2 redbacks (D)
  Edmund (D)
  An acid dragon (D)
  An orc warrior (D)
  A sky beast (D)
  2 ogres (D)
  A wight (D)
  A scorpion (D)
  A crimson imp (D)
  An orc priest (D)
  4 orc wizards (D)
  A gnoll (D)
  4 orcs (D)
  2 ball pythons (D)
  2 endoplasms (D)
  3 goblins (D)
  A hobgoblin (D)
  2 jackals (D)
  A frilled lizard (D)
  2 kobolds (D)
  A rat (D)
64 creatures vanquished.

Vanquished Creatures (collateral kills)
  2 orc warlords (D)
  2 two-headed ogres (D)
  3 skeletal warriors (D)
  A sea snake (D)
  A phantasmal warrior (D)
  A wizard (D)
  A bog body (D)
  5 orc knights (D)
  An orc sorcerer (D)
  A rust devil (D)
  A smoke demon (D)
  A gargoyle (D)
  A cane toad (D)
  A yaktaur (D)
  3 kobold demonologists (D)
  6 dream sheep (D)
  A tarantella (D)
  4 blink frogs (D)
  A fire bat (D)
  Grum (D)
  A steam dragon (D)
  2 orc warriors (D)
  A wolf (D)
  An ogre (D)
  A phantom (D)
  A bullfrog (D)
  A necrophage (D)
  A quasit (D)
  A mummy (D)
  A river rat (D)
  A white imp (D)
  3 orcs (D)
  3 jackals (D)
  A quokka (D)
  3 rats (D)
60 creatures vanquished.

Vanquished Creatures (others)
  A wolf (D)
1 creature vanquished.

Grand Total: 125 creatures vanquished

Notes
Turn   | Place    | Note
-------+----------+-------------------------------------------
     0 | D        | Darkkill the Gargoyle Monk began the quest for the Orb.
     0 | D        | Reached XP level 1. HP: 14/14 MP: 1/1
    18 | D        | Found a bloodstained altar of Trog.
    18 | D        | Found a shimmering blue altar of Sif Muna.
    18 | D        | Found a viscous altar of Jiyva.
    18 | D        | Found a hazy altar of Hepliaklqana.
    18 | D        | Found an opulent altar of Gozag.
    19 | D        | Found a glowing golden altar of the Shining One.
    19 | D        | Found a glowing silver altar of Zin.
    19 | D        | Found a basalt altar of Yredelemnul.
    19 | D        | Found a shimmering altar of Xom.
    19 | D        | Found an ornate altar of the Wu Jian Council.
    19 | D        | Found a sacrificial altar of Ru.
    19 | D        | Found a stormy altar of Qazlal.
    19 | D        | Found an iron altar of Okawaru.
    19 | D        | Found a sparkling altar of Nemelex Xobeh.
    19 | D        | Found a burning altar of Makhleb.
    19 | D        | Found a blossoming altar of Fedhas.
    19 | D        | Found a white marble altar of Elyvilon.
    19 | D        | Found a shadowy altar of Dithmenos.
    19 | D        | Found a snail-covered altar of Cheibriados.
    21 | D        | Found a radiant altar of Vehumet.
    21 | D        | Found a corrupted altar of Lugonu.
    23 | D        | Became a worshipper of Trog the Wrathful
    23 | D        | Reached * piety under Trog
    23 | D        | Reached ** piety under Trog
    66 | D        | Reached skill level 3 in Stealth
    66 | D        | Reached XP level 2. HP: 20/20 MP: 2/2
   305 | D        | Reached *** piety under Trog
   324 | D        | Reached **** piety under Trog
   397 | D        | Noticed a sky beast
   404 | D        | Killed a sky beast
   405 | D        | Reached skill level 5 in Maces & Flails
   405 | D        | Reached skill level 5 in Stealth
   405 | D        | Reached XP level 3. HP: 27/27 MP: 3/3
   405 | D        | Reached XP level 4. HP: 32/32 MP: 4/4
   406 | D        | Noticed a bullfrog
   415 | D        | Killed a bullfrog
   416 | D        | Reached skill level 5 in Dodging
   416 | D        | Reached skill level 6 in Stealth
   416 | D        | Reached XP level 5. HP: 37/37 MP: 5/5
   436 | D        | Reached skill level 7 in Stealth
   440 | D        | Reached XP level 6. HP: 43/44 MP: 6/6
   520 | D        | Reached ***** piety under Trog
   523 | D        | Noticed Edmund
   526 | D        | Reached skill level 8 in Stealth
   541 | D        | Killed Edmund
   565 | D        | Noticed a steam dragon
   565 | D        | Noticed Grum
   567 | D        | Killed Grum
   568 | D        | Reached skill level 9 in Stealth
   568 | D        | Reached XP level 7. HP: 39/51 MP: 7/7
   570 | D        | Killed a steam dragon
   571 | D        | Reached skill level 10 in Stealth
   588 | D        | Got the +2 dire flail "Dragonbane" {venom, *Slow rElec rF-
                  | rN+++}
   590 | D        | Got the +1 broad axe of Symmetry {antimagic, Fragile rN+
                  | Stlth+}
   704 | D        | Noticed a sea snake
   704 | D        | Noticed a dream sheep
   704 | D        | Noticed a dream sheep
   704 | D        | Noticed a dream sheep
   704 | D        | Noticed a dream sheep
   706 | D        | Noticed a dream sheep
   707 | D        | Killed a dream sheep
   708 | D        | Reached skill level 10 in Fighting
   708 | D        | Reached XP level 8. HP: 57/57 MP: 8/8
   708 | D        | Noticed a dream sheep
   711 | D        | Killed a sea snake
   712 | D        | Reached skill level 10 in Maces & Flails
   712 | D        | Reached skill level 11 in Stealth
   712 | D        | Noticed a two-headed ogre
   712 | D        | Killed a dream sheep
   713 | D        | Reached skill level 12 in Stealth
   713 | D        | Reached XP level 9. HP: 57/64 MP: 9/9
   714 | D        | Received a gift from Trog
   721 | D        | Killed a two-headed ogre
   722 | D        | Reached skill level 13 in Stealth
   722 | D        | Noticed a wizard
   722 | D        | Noticed a phantasmal warrior
   726 | D        | Reached ****** piety under Trog
   728 | D        | Killed a phantasmal warrior
   729 | D        | Reached skill level 10 in Dodging
   729 | D        | Reached XP level 10. HP: 66/73 MP: 10/10
   730 | D        | Killed a wizard
   731 | D        | Reached skill level 14 in Stealth
   745 | D        | Noticed a cyclops
   756 | D        | Killed a cyclops
   756 | D        | Received a gift from Trog
   832 | D        | Received a gift from Trog
   991 | D        | Noticed a smoke demon
   991 | D        | Noticed a cane toad
   998 | D        | Killed a cane toad
   999 | D        | Reached skill level 15 in Stealth
  1001 | D        | Killed a smoke demon
  1011 | D        | Noticed a kobold demonologist
  1012 | D        | Killed a kobold demonologist
  1013 | D        | Received a gift from Trog
  1020 | D        | Reached XP level 11. HP: 59/80 MP: 11/11
  1033 | D        | Noticed a deep troll
  1048 | D        | Killed a deep troll
  1049 | D        | Reached skill level 16 in Stealth
  1054 | D        | Received a gift from Trog
  1055 | D        | Reached skill level 15 in Fighting
  1370 | D        | Noticed a phantasmal warrior
  1370 | D        | Noticed an orc sorcerer
  1378 | D        | Noticed a death cob
  1384 | D        | Noticed a two-headed ogre
  1384 | D        | Noticed a bog body
  1386 | D        | Killed a death cob
  1387 | D        | Killed a two-headed ogre
  1388 | D        | Reached skill level 17 in Stealth
  1388 | D        | Killed a bog body
  1388 | D        | Killed a phantasmal warrior
  1389 | D        | Killed an orc sorcerer
  1389 | D        | Received a gift from Trog
  1390 | D        | Reached skill level 15 in Maces & Flails
  1498 | D        | Got the +1 scale mail "Raedgh" {rF+ Str+3}
  1597 | D        | Reached XP level 12. HP: 71/90 MP: 12/12
  1617 | D        | Reached skill level 18 in Stealth
  1617 | D        | Received a gift from Trog
  1619 | D        | HP: 10/90 [skeletal warrior/+3 mace (14)]
  1819 | D        | Noticed a merfolk avatar
  1833 | D        | Received a gift from Trog
  1848 | D        | Killed a merfolk avatar
  2011 | D        | Noticed a two-headed ogre
  2015 | D        | Received a gift from Trog
  2041 | D        | HP: 13/91 [ice devil (16)]
  2043 | D        | Killed a two-headed ogre
  2046 | D        | HP: 15/91 [ice devil (10)]
  2046 | D        | HP: 5/91 [ice devil (10)]
  2124 | D        | Noticed an ogre mage
  2126 | D        | Noticed a two-headed ogre
  2135 | D        | Received a gift from Trog
  2138 | D        | Killed a two-headed ogre
  2139 | D        | Reached skill level 19 in Stealth
  2141 | D        | Killed an ogre mage
  2193 | D        | Noticed an orc warlord
  2193 | D        | Noticed an orc warlord
  2200 | D        | Killed an orc warlord
  2203 | D        | Killed an orc warlord
  2204 | D        | Noticed a yaktaur captain
  2206 | D        | Reached XP level 13. HP: 96/99 MP: 13/13
  2217 | D        | HP: 7/99 [orc knight/+1 great sword (23)]
  2240 | D        | Reached skill level 20 in Stealth
  2242 | D        | HP: 13/99 [orc knight/+2 long sword (19)]
  2249 | D        | HP: 18/99 [yaktaur[a yaktaur captain] (2)]
  2273 | D        | Killed a yaktaur captain
  2284 | D        | HP: 15/148 [orc knight/+2 long sword (23)]
  2289 | D        | HP: 5/148 [naga warrior/+0 glaive (11)]
  2293 | D        | HP: 1/150 [constriction (5)]
  2297 | D        | Constricted to death by a naga warrior

Illustrated notes

Levels and vault maps discovered:
D:        pitsprint [storerooms_1, entrance_room_1, metal_vault_5, armoury_2,
          mini_pit_1, grid_room_1, main_hall_1, silver_pit, the_coven_2,
          the_vestibule_1, steel_vault_2, golden_pit, hallway_of_sentries,
          crystal_vault_6, iron_vault_5, final_vault]

Skill      XL: |  1  2  3  4  5  6  7  8  9 10 11 12 13 |
---------------+----------------------------------------+-----
Fighting       | 4 6 7 9 10 11 13 14 16 18 19 | 19.0
Dodging        | 3 4 5 6 7 8 10 11 13 14 | 14.9
Stealth        | 3 5 6 7 9 10 12 13 15 17 19 20 | 20.4
Maces & Flails | 5 6 8 9 10 12 13 15 17 | 17.6

Action                   |  1- 3 |  4- 6 |  7- 9 | 10-12 | 13-15 || total
-------------------------+-------+-------+-------+-------+-------++-------
Melee: Quarterstaff      |    22 |    40 |       |       |       ||    62
       Mace              |     1 |       |       |       |       ||     1
       Dire flail        |       |     1 |    12 |   177 |    45 ||   235
Invok: Berserk           |     2 |     1 |       |       |     1 ||     4
       Brothers in Arms  |       |     2 |     1 |    13 |     3 ||    19
Evoke: Wand              |       |       |       |       |     3 ||     3
  Use: Scroll            |       |       |       |     9 |     3 ||    12
       Potion            |       |       |       |     6 |    17 ||    23
 Stab: Distracted        |       |       |     1 |     2 |     1 ||     4
       Sleeping          |       |       |       |     2 |       ||     2
Armor: Robe              |     5 |       |       |       |       ||     5
       Plate armour      |     1 |    25 |     2 |       |       ||    28
       Ring mail         |       |       |     7 |    49 |       ||    56
       Scale mail        |       |       |       |    33 |    19 ||    52
Dodge: Dodged            |    12 |     9 |    19 |   157 |    49 ||   246

Table legend: (Time is in decaauts)
 A = Elapsed time spent in this place.
 B = Non-inter-level travel time spent in this place.
 C = Inter-level travel time spent in this place.
 D = Time resting spent in this place.
 E = Time spent auto-exploring this place.
 F = Levels seen in this place.
 G = Mean time per level.
                   A        B        C        D        E       F      G
               +--------+--------+--------+--------+--------+-----+--------+
         Total |   2221 |   2112 |    109 |   1068 |      0 |   1 | 2221.0 |
       Dungeon |   2221 |   2112 |    109 |   1068 |      0 |   1 | 2221.0 |
               +--------+--------+--------+--------+--------+-----+--------+

Top non-repeatable levels by time:
       D: 2221 daAuts

Table legend:
 A = Kills in this place as a percentage of kills in entire the game.
 B = Kills by you in this place as a percentage of kills by you in the entire game.
 C = Kills by friends in this place as a percentage of kills by friends in the entire game.
 D = Other kills in this place as a percentage of other kills in the entire game.
 E = Experience gained in this place as a percentage of experience gained in the entire game.
 F = Experience gained in this place divided by the number of levels of this place that you have seen.
                   A       B       C       D       E      F
               +-------+-------+-------+-------+-------+----------------------
         Total | 100.0 | 100.0 | 100.0 | 100.0 | 100.0 | 36876.0
       Dungeon | 100.0 | 100.0 | 100.0 | 100.0 | 100.0 | 36876.0
               +-------+-------+-------+-------+-------+----------------------
